SNL (28 & UNDER)
MONTGOMERY BISCUITS @ MEMPHIS BLUES
08/05/2024
 
TOP OF THE 1ST
Montgomery Biscuits batting - Pitching for Memphis Blues : RHP Francisco Arellano
Pitching: RHP Francisco Arellano
Batting: SHB Orlando Aguilar 0-0: Ball
1-0: Swinging Strike
1-1: SINGLE (Line Drive, 78S)
Batting: LHB José Martínez 0-0: Called Strike
0-1: Ball
1-1: Foul Ball, location: 2F
1-2: Strikes out swinging
Batting: LHB Ashley Pickhills 0-0: Fly out, F7 (Flyball, 7LS)
Batting: SHB Terry O'Farrell 0-0: Ball
1-0: Ball
2-0: Called Strike
2-1: Ball
3-1: Base on Balls
Orlando Aguilar to second
Batting: RHB Yujiro Kurihara 0-0: Ball
1-0: Ball
2-0: Ball
3-0: Called Strike
3-1: Base on Balls
Orlando Aguilar to third
Terry O'Farrell to second
Batting: LHB Curt Causton 0-0: Ball
1-0: Called Strike
1-1: SINGLE (Groundball, 34)
Orlando Aguilar scores
Terry O'Farrell to third
Yujiro Kurihara to second
Batting: RHB Pete Smith 0-0: Ball
1-0: Foul Ball, location: 2F
1-1: Ball
2-1: Swinging Strike
2-2: GRAND SLAM HOME RUN (Flyball, 89D), Distance : 431 ft
Batting: RHB Jean-Paul St-Pierre 0-0: Called Strike
0-1: Ball
1-1: SINGLE (Line Drive, 4)
Batting: RHB Peyton Yardley 0-0: Ball
1-0: Ball
2-0: Swinging Strike
2-1: Foul Ball, location: 2F
2-2: Strikes out swinging
Top of the 1st over - 5 run(s), 4 hit(s), 0 error(s), 1 left on base; Montgomery 5 - Memphis 0
BOTTOM OF THE 1ST
Memphis Blues batting - Pitching for Montgomery Biscuits : LHP Gonzalo Martínez
Pitching: LHP Gonzalo Martínez
Batting: RHB Jorge Domínguez 0-0: Called Strike
0-1: Ball
1-1: Called Strike
1-2: Strikes out swinging
Batting: RHB Dave O'Neill 0-0: Swinging Strike
0-1: Bunt for hit - play at first, batter OUT! 5-3
Batting: RHB Dale Taylor 0-0: Ball
1-0: Ball
2-0: Ball
3-0: Called Strike
3-1: Base on Balls
Batting: RHB Bob Orr 0-0: Ball
1-0: Ball
2-0: Ball
3-0: Base on Balls
Dale Taylor to second
Batting: RHB Sadao Kato 0-0: Ball
1-0: Ground out 6-3 (Groundball, 6)
Bottom of the 1st over - 0 run(s), 0 hit(s), 0 error(s), 2 left on base; Montgomery 5 - Memphis 0
TOP OF THE 2ND
Montgomery Biscuits batting - Pitching for Memphis Blues : RHP Francisco Arellano
Batting: SHB Orlando Aguilar 0-0: Ball
1-0: SINGLE (Groundball, 13) (infield hit)
Batting: LHB José Martínez 0-0: Fly out, F7 (Popup, 56D)
Batting: LHB Ashley Pickhills 0-0: Called Strike
0-1: TRIPLE (Line Drive, 8RM)
Orlando Aguilar scores
Batting: SHB Terry O'Farrell 0-0: Ball
1-0: Foul Ball, location: 2F
1-1: Fly out, F9 (Flyball, 9M)
Runner from 3rd tags up, SCORES, no throw
Batting: RHB Yujiro Kurihara 0-0: Ball
1-0: Ball
2-0: Called Strike
2-1: Foul Ball, location: 2F
2-2: Ball
3-2: Foul Ball, location: 2F
3-2: Foul Ball, location: 2F
3-2: Ground out 4-3 (Groundball, 4M)
Top of the 2nd over - 2 run(s), 2 hit(s), 0 error(s), 0 left on base; Montgomery 7 - Memphis 0
BOTTOM OF THE 2ND
Memphis Blues batting - Pitching for Montgomery Biscuits : LHP Gonzalo Martínez
Batting: LHB Ken Nelson 0-0: Called Strike
0-1: Called Strike
0-2: Ball
1-2: Strikes out looking
Batting: RHB Glenn Melican 0-0: Ball
1-0: Swinging Strike
1-1: Foul Ball, location: 2F
1-2: Ball
2-2: Foul Ball, location: 2F
2-2: Strikes out swinging
Batting: RHB Raúl Perales 0-0: Foul Ball, location: 2F
0-1: Foul Ball, location: 2F
0-2: Foul Ball, location: 2F
0-2: Ball
1-2: SINGLE (Line Drive, 89S)
Batting: RHB Dale O'Feennaghty 0-0: Called Strike
0-1: Ball
1-1: Foul Ball, location: 2F
1-2: Foul Ball, location: 2F
1-2: Strikes out swinging
Bottom of the 2nd over - 0 run(s), 1 hit(s), 0 error(s), 1 left on base; Montgomery 7 - Memphis 0
TOP OF THE 3RD
Montgomery Biscuits batting - Pitching for Memphis Blues : RHP Francisco Arellano
Batting: LHB Curt Causton 0-0: Ball
1-0: Called Strike
1-1: Ball
2-1: Ball
3-1: Foul Ball, location: 2F
3-2: Foul Ball, location: 2F
3-2: SINGLE (Line Drive, 89S)
Batting: RHB Pete Smith 0-0: Ball
Wild Pitch!
Curt Causton to second
1-0: SINGLE (Groundball, 34D)
Curt Causton to third
Runner from 3rd tries for Home, SAFE, throw made home
Pete Smith to second
Batting: RHB Jean-Paul St-Pierre 0-0: Foul Ball, location: 2F
0-1: Called Strike
0-2: Ball
1-2: Ball
2-2: Ball
3-2: Foul Ball, location: 2F
3-2: SINGLE (Groundball, 15) (infield hit)
Pete Smith to third
Batting: RHB Peyton Yardley 0-0: Called Strike
Jean-Paul St-Pierre steals 2nd base
0-1: Ball
1-1: Ball
2-1: Swinging Strike
2-2: Strikes out looking
Pitching: RHP Miguel García
Batting: SHB Orlando Aguilar 0-0: SINGLE (Line Drive, 6MD)
Pete Smith scores
Jean-Paul St-Pierre to third
Batting: LHB José Martínez 0-0: Ball
1-0: Ball
2-0: Foul Ball, location: 2F
2-1: Ball
3-1: Base on Balls
Orlando Aguilar to second
Batting: LHB Ashley Pickhills 0-0: Called Strike
0-1: Ball
1-1: Foul Ball, location: 2F
1-2: Ball
2-2: Foul Ball, location: 2F
2-2: Ball
3-2: Base on Balls
Jean-Paul St-Pierre scores
Orlando Aguilar to third
José Martínez to second
Batting: SHB Terry O'Farrell 0-0: Called Strike
0-1: Foul Ball, location: 2F
0-2: Foul Ball, location: 2F
0-2: SINGLE (Popup, 6D)
Orlando Aguilar scores
José Martínez to third
Ashley Pickhills to second
Batting: RHB Yujiro Kurihara 0-0: Called Strike
0-1: Ball
1-1: Called Strike
1-2: Fly out, F9 (Line Drive, 9D)
Runner from 3rd tags up, SCORES, no throw
Batting: LHB Curt Causton 0-0: Called Strike
0-1: Ball
1-1: Fly out, F5 (Line Drive, 56)
Top of the 3rd over - 5 run(s), 5 hit(s), 0 error(s), 2 left on base; Montgomery 12 - Memphis 0
BOTTOM OF THE 3RD
Memphis Blues batting - Pitching for Montgomery Biscuits : LHP Gonzalo Martínez
Batting: RHB Jorge Domínguez 0-0: Ball
1-0: Ball
2-0: Foul Ball, location: 2F
2-1: Ball
3-1: Base on Balls
Batting: RHB Dave O'Neill 0-0: Foul Ball, location: 2F
0-1: Called Strike
0-2: Ball
1-2: Ball
2-2: Foul Ball, location: 2F
2-2: Ball
3-2: Base on Balls
Jorge Domínguez to second
Batting: RHB Dale Taylor 0-0: Called Strike
Jorge Domínguez is caught stealing 3rd base
Dave O'Neill to second
0-1: Swinging Strike
0-2: Ball
1-2: Strikes out swinging
Batting: RHB Bob Orr 0-0: Swinging Strike
0-1: Foul Ball, location: 2F
0-2: Foul Ball, location: 2F
0-2: Strikes out looking
Bottom of the 3rd over - 0 run(s), 0 hit(s), 0 error(s), 1 left on base; Montgomery 12 - Memphis 0
TOP OF THE 4TH
Montgomery Biscuits batting - Pitching for Memphis Blues : RHP Miguel García
Batting: RHB Pete Smith 0-0: Swinging Strike
0-1: Called Strike
0-2: Ball
1-2: Ball
2-2: Strikes out swinging
Batting: RHB Jean-Paul St-Pierre 0-0: SOLO HOME RUN (Flyball, 7D), Distance : 395 ft
Batting: RHB Peyton Yardley 0-0: Ball
1-0: SINGLE (Line Drive, 56D)
Batting: SHB Orlando Aguilar 0-0: Called Strike
0-1: Ball
1-1: Foul Ball, location: 2F
1-2: Fly out, F6 (Popup, 5)
Batting: LHB José Martínez 0-0: Called Strike
Peyton Yardley is caught stealing 2nd base
Top of the 4th over - 1 run(s), 2 hit(s), 0 error(s), 0 left on base; Montgomery 13 - Memphis 0
BOTTOM OF THE 4TH
Memphis Blues batting - Pitching for Montgomery Biscuits : LHP Gonzalo Martínez
Batting: RHB Sadao Kato 0-0: Ball
1-0: Ball
2-0: DOUBLE (Line Drive, 5D)
Batting: LHB Ken Nelson 0-0: Called Strike
0-1: Ball
1-1: Foul Ball, location: 2F
1-2: Strikes out swinging
Batting: RHB Glenn Melican 0-0: Called Strike
0-1: Ball
1-1: Fly out, F4 (Popup, 34)
Batting: RHB Raúl Perales 0-0: Ball
1-0: Foul Ball, location: 2F
1-1: Ball
2-1: Ball
3-1: Ground out 1-3 (Groundball, 3S)
Bottom of the 4th over - 0 run(s), 1 hit(s), 0 error(s), 1 left on base; Montgomery 13 - Memphis 0
TOP OF THE 5TH
Montgomery Biscuits batting - Pitching for Memphis Blues : RHP Miguel García
Batting: LHB José Martínez 0-0: Ball
1-0: Ground out 5-3 (Groundball, 56S)
Batting: LHB Ashley Pickhills 0-0: Ball
1-0: Called Strike
1-1: Ball
2-1: Foul Ball, location: 2F
2-2: Ball
3-2: Foul Ball, location: 2F
3-2: DOUBLE (Line Drive, 89XD)
Batting: SHB Terry O'Farrell 0-0: Ball
1-0: Called Strike
1-1: Called Strike
1-2: Ball
2-2: Ball
3-2: Base on Balls
Pitching: RHP Pedro Orozco
Batting: RHB Yujiro Kurihara 0-0: Called Strike
0-1: Ball
1-1: Ball
2-1: Foul Ball, location: 2F
2-2: Fly out, F9 (Flyball, 9S)
Batting: LHB Curt Causton 0-0: Called Strike
0-1: Ball
1-1: Ball
2-1: Ball
3-1: Ground out U3 (Groundball, 3)
Top of the 5th over - 0 run(s), 1 hit(s), 0 error(s), 2 left on base; Montgomery 13 - Memphis 0
BOTTOM OF THE 5TH
Memphis Blues batting - Pitching for Montgomery Biscuits : LHP Gonzalo Martínez
Batting: RHB Dale O'Feennaghty 0-0: Ball
1-0: Ball
2-0: Called Strike
2-1: Foul Ball, location: 2F
2-2: Ball
3-2: Foul Ball, location: 2F
3-2: Base on Balls
Batting: RHB Jorge Domínguez 0-0: Fly out, F8 (Flyball, 8LM)
Batting: RHB Dave O'Neill 0-0: Foul Ball, location: 2F
0-1: Ball
1-1: Ball
2-1: Ball
3-1: Base on Balls
Dale O'Feennaghty to second
Batting: RHB Dale Taylor 0-0: Ball
1-0: 3-RUN HOME RUN (Flyball, 7D), Distance : 399 ft
Batting: RHB Bob Orr 0-0: Foul Ball, location: 2F
0-1: Called Strike
0-2: Ball
1-2: Strikes out looking
Batting: RHB Sadao Kato 0-0: Ball
1-0: Ball
2-0: Ball
3-0: Base on Balls
Pitching: LHP Tony García
Batting: LHB Ken Nelson 0-0: Swinging Strike
0-1: Called Strike
0-2: Foul Ball, location: 2F
0-2: Strikes out swinging
Bottom of the 5th over - 3 run(s), 1 hit(s), 0 error(s), 1 left on base; Montgomery 13 - Memphis 3
TOP OF THE 6TH
Montgomery Biscuits batting - Pitching for Memphis Blues : RHP Pedro Orozco
Batting: RHB Pete Smith 0-0: Called Strike
0-1: Foul Ball, location: 2F
0-2: Ball
1-2: DOUBLE (Groundball, 5L)
Batting: RHB Jean-Paul St-Pierre 0-0: Called Strike
0-1: Ball
1-1: Foul Ball, location: 2F
1-2: SINGLE (Groundball, 4MD)
Pete Smith to third
Batting: RHB Peyton Yardley 0-0: Ball
1-0: Ball
2-0: Ball
3-0: Called Strike
3-1: Foul Ball, location: 2F
3-2: Base on Balls
Jean-Paul St-Pierre to second
Batting: SHB Orlando Aguilar 0-0: Foul Ball, location: 2F
0-1: Called Strike
0-2: Ball
1-2: SINGLE (Groundball, 56D) (infield hit)
Pete Smith scores
Jean-Paul St-Pierre to third
Peyton Yardley to second
Batting: LHB José Martínez 0-0: Ball
1-0: Fly out, F6 (Popup, 6M)
Batting: LHB Ashley Pickhills 0-0: Ball
1-0: Ball
2-0: Called Strike
2-1: Foul Ball, location: 2F
2-2: Ball
3-2: Fly out, F7 (Flyball, 7M)
Runner from 3rd tags up, SCORES, throw made
Batting: SHB Terry O'Farrell 0-0: Reached on error, E5 (Groundball, 56S)
Peyton Yardley to third
Orlando Aguilar to second
Batting: RHB Yujiro Kurihara 0-0: Ball
1-0: Called Strike
1-1: Ball
2-1: Called Strike
2-2: Ball
3-2: Base on Balls
Peyton Yardley scores
Orlando Aguilar to third
Terry O'Farrell to second
Batting: LHB Curt Causton 0-0: Ball
1-0: Ball
2-0: Called Strike
2-1: Ball
3-1: Base on Balls
Orlando Aguilar scores
Terry O'Farrell to third
Yujiro Kurihara to second
Pitching: RHP Rafael Ressureio
Pinch Hitting: SHB Andrew Curran 0-0: Ball
1-0: Called Strike
1-1: SINGLE (Line Drive, 89S)
Terry O'Farrell scores
Yujiro Kurihara to third
Curt Causton to second
Runner from 3rd tries for Home, SAFE, no throw or cutoff
Batting: RHB Jean-Paul St-Pierre 0-0: Called Strike
0-1: Foul Ball, location: 2F
0-2: Ball
1-2: Strikes out swinging
Top of the 6th over - 6 run(s), 4 hit(s), 1 error(s), 2 left on base; Montgomery 19 - Memphis 3
BOTTOM OF THE 6TH
Memphis Blues batting - Pitching for Montgomery Biscuits : LHP Tony García
Now at SS: Andrew Curran
Batting: RHB Glenn Melican 0-0: Called Strike
0-1: SINGLE (Line Drive, 6MD)
Batting: RHB Raúl Perales 0-0: Ball
1-0: Fly out, F8 (Flyball, 89M)
Batting: RHB Dale O'Feennaghty 0-0: Swinging Strike
0-1: SINGLE (Line Drive, 78S)
Glenn Melican to second
Batting: RHB Jorge Domínguez 0-0: Ball
1-0: Called Strike
1-1: Swinging Strike
1-2: Ball
2-2: Ball
3-2: Base on Balls
Glenn Melican to third
Dale O'Feennaghty to second
Batting: RHB Dave O'Neill 0-0: Foul Ball, location: 2F
0-1: Ball
1-1: Swinging Strike
1-2: Ball
2-2: Ball
3-2: Foul Ball, location: 2F
3-2: Base on Balls
Glenn Melican scores
Dale O'Feennaghty to third
Jorge Domínguez to second
Batting: RHB Dale Taylor 0-0: Called Strike
0-1: Ball
1-1: Ball
2-1: Foul Ball, location: 2F
2-2: Fly out, F4 (Popup, 4D)
Batting: RHB Bob Orr 0-0: Called Strike
0-1: Ball
1-1: Foul Ball, location: 2F
1-2: SINGLE (Line Drive, 56D)
Dale O'Feennaghty scores
Jorge Domínguez to third
Dave O'Neill to second
Runner from 3rd tries for Home, SAFE, no throw or cutoff
Pinch Hitting: RHB Glenn Johnson 0-0: Foul Ball, location: 2F
0-1: Fielders Choice at 2nd, 5-4 (Groundball, 56)
Bottom of the 6th over - 3 run(s), 3 hit(s), 0 error(s), 1 left on base; Montgomery 19 - Memphis 6
TOP OF THE 7TH
Montgomery Biscuits batting - Pitching for Memphis Blues : RHP Rafael Ressureio
Now at 1B: Spencer Howell
Batting: RHB Peyton Yardley 0-0: Called Strike
0-1: DOUBLE (Line Drive, 78D)
Batting: SHB Orlando Aguilar 0-0: Called Strike
0-1: Called Strike
Peyton Yardley is caught stealing 3rd base
0-2: Ball
1-2: Ground out 3-5 (Groundball, 3S)
Batting: LHB José Martínez 0-0: Ball
1-0: Ball
2-0: Foul Ball, location: 2F
2-1: Foul Ball, location: 2F
2-2: Strikes out swinging
Top of the 7th over - 0 run(s), 1 hit(s), 0 error(s), 0 left on base; Montgomery 19 - Memphis 6
BOTTOM OF THE 7TH
Memphis Blues batting - Pitching for Montgomery Biscuits : LHP Tony García
Pinch Hitting: RHB Jesús Sánchez 0-0: Ball
1-0: Ball
2-0: Ground out 6-3 (Groundball, 6S)
Batting: RHB Glenn Melican 0-0: Ball
1-0: Ground out 6-3 (Groundball, 6M)
Batting: RHB Raúl Perales 0-0: Called Strike
0-1: Ball
1-1: Foul Ball, location: 2F
1-2: DOUBLE (Flyball, 89XD)
Batting: RHB Dale O'Feennaghty 0-0: Ball
1-0: Called Strike
1-1: Foul Ball, location: 2F
1-2: SINGLE (Groundball, 56D)
Raúl Perales to third
Runner from 3rd tries for Home, SAFE, no throw or cutoff
Pitching: LHP Trevor Nichols
Batting: RHB Jorge Domínguez 0-0: Called Strike
0-1: Foul Ball, location: 2F
0-2: Ball
1-2: Ball
2-2: 2-RUN HOME RUN (Flyball, 78XD), Distance : 425 ft
Batting: RHB Dave O'Neill 0-0: DOUBLE (Line Drive, 56D)
Batting: RHB Dale Taylor 0-0: Foul Ball, location: 2F
0-1: Called Strike
0-2: Ball
1-2: Foul Ball, location: 2F
1-2: Ball
2-2: Foul Ball, location: 2F
2-2: Ball
3-2: Fly out, F9 (Flyball, 9M)
Bottom of the 7th over - 3 run(s), 4 hit(s), 0 error(s), 1 left on base; Montgomery 19 - Memphis 9
TOP OF THE 8TH
Montgomery Biscuits batting - Pitching for Memphis Blues : RHP Rafael Ressureio
Now in RF: Mark Folger
Batting: LHB Ashley Pickhills 0-0: Fly out, F3 (Popup, 23)
Batting: SHB Terry O'Farrell 0-0: Ball
1-0: SINGLE (Groundball, 34D)
Batting: RHB Yujiro Kurihara 0-0: Ball
1-0: Ground out U3 (Groundball, 3S)
Terry O'Farrell to second
Batting: LHB Curt Causton 0-0: Ball
1-0: Ball
2-0: Ball
3-0: Base on Balls
Batting: SHB Andrew Curran 0-0: Swinging Strike
0-1: Ball
Wild Pitch!
Terry O'Farrell to third
Curt Causton to second
1-1: Called Strike
1-2: Foul Ball, location: 2F
1-2: Ball
2-2: Ground out 1-3 (Groundball, 15)
Top of the 8th over - 0 run(s), 1 hit(s), 0 error(s), 2 left on base; Montgomery 19 - Memphis 9
BOTTOM OF THE 8TH
Memphis Blues batting - Pitching for Montgomery Biscuits : LHP Trevor Nichols
Now at 1B: Jack Estes
Now at 2B: Roy Ayers
Now at SS: Dave Williams
Batting: RHB Bob Orr 0-0: Ball
1-0: Foul Ball, location: 2F
1-1: SINGLE (Line Drive, 89M)
Batting: RHB Spencer Howell 0-0: Grounds into double play, 5-4-3 (Groundball, 5L)
Batting: LHB Mark Folger 0-0: Foul Ball, location: 2F
0-1: Ball
1-1: Foul Ball, location: 2F
1-2: Foul Ball, location: 2F
1-2: Strikes out swinging
Bottom of the 8th over - 0 run(s), 1 hit(s), 0 error(s), 0 left on base; Montgomery 19 - Memphis 9
TOP OF THE 9TH
Montgomery Biscuits batting - Pitching for Memphis Blues : RHP Rafael Ressureio
Pitching: RHP Jerry Poole
Batting: RHB Jean-Paul St-Pierre 0-0: Called Strike
0-1: Swinging Strike
0-2: Hit by Pitch
Batting: RHB Peyton Yardley 0-0: Ball
Jean-Paul St-Pierre is caught stealing 2nd base
1-0: Called Strike
1-1: Called Strike
1-2: Ball
2-2: Fly out, F9 (Flyball, 9LS)
Batting: SHB Orlando Aguilar 0-0: Ball
1-0: Called Strike
1-1: Ball
2-1: Ball
3-1: Foul Ball, location: 2F
3-2: Foul Ball, location: 2F
3-2: Base on Balls
Batting: LHB José Martínez 0-0: Foul Ball, location: 2F
0-1: Ball
1-1: Ball
2-1: SINGLE (Flyball, 7LS)
Orlando Aguilar to second
Batting: LHB Ashley Pickhills 0-0: Ground out 1-3 (Groundball, 13S)
Top of the 9th over - 0 run(s), 1 hit(s), 0 error(s), 2 left on base; Montgomery 19 - Memphis 9
BOTTOM OF THE 9TH
Memphis Blues batting - Pitching for Montgomery Biscuits : LHP Trevor Nichols
Batting: RHB Glenn Melican 0-0: Called Strike
0-1: Called Strike
0-2: Ball
1-2: Ball
2-2: Ball
3-2: Ground out 1-3 (Groundball, 23)
Batting: RHB Raúl Perales 0-0: Called Strike
0-1: Foul Ball, location: 2F
0-2: Foul Ball, location: 2F
0-2: Strikes out swinging
Batting: RHB Dale O'Feennaghty 0-0: SINGLE (Line Drive, 78S)
Batting: RHB Jorge Domínguez 0-0: Ball
1-0: Foul Ball, location: 2F
1-1: Foul Ball, location: 2F
1-2: Ball
2-2: Foul Ball, location: 2F
2-2: Ball
3-2: Ground out 5-3 (Groundball, 5D)
Bottom of the 9th over - 0 run(s), 1 hit(s), 0 error(s), 1 left on base; Montgomery 19 - Memphis 9
This league is powered by Out of the Park Baseball, the baseball management simulation game for PC, Mac and Linux
Saturday, April 9th, 2016 - OOTP Baseball 16.8 Build 38